 Dungeon Crawl Stone Soup version 0.29.1-12-g30fa7ad0bf (webtiles) character file.

Game seed: 1187423574214103064

676 H0rd4k the Insei (level 7, -3/47 HPs)
             Began as an Octopode Artificer on Dec 22, 2022.
             Slain by an ogre
             ... wielding a +0 giant club
              (28 damage)
             ... on level 5 of the Dungeon.
             The game lasted 00:04:13 (5615 turns).

H0rd4k the Insei (Octopode Artificer)               Turns: 5615, Time: 00:04:14

Health: -3/47      AC:  1    Str: 11    XL:     7   Next: 60%
Magic:  11/11      EV: 13    Int: 16    God:
Gold:   249        SH:  0    Dex: 12    Spells: 12/12 levels left

rFire   . . .      SeeInvis .     - Unarmed
rCold   . . .      Faith    .   (no shield)
rNeg    . . .      Spirit   .   (helmet restricted)
rPois   .          Reflect  .   (no amulet)
rElec   .          Harm     .   (no ring)
rCorr   .          Rampage  .   (no ring)
Will    .....                   (no ring)
Stlth   +++.......              (no ring)
HPRegen 0.15/turn               (no ring)
MPRegen 0.12/turn               (no ring)
                                (no ring)
                                (no ring)

@: no status effects
A: almost no armour, amphibious, 8 rings, camouflage 1, gelatinous body 1,
(nimble swimmer 1), tentacles
a: no special abilities


You were on level 5 of the Dungeon.
You visited 1 branch of the dungeon, and saw 6 of its levels.

You collected 249 gold pieces.

Inventory:

Wands
 c - a wand of charming (11)
 d - a wand of iceblast (1)
Scrolls
 g - a scroll of silence {unknown}
 i - 2 scrolls of immolation
 l - a scroll of teleportation {unknown}
 m - 2 scrolls of amnesia {unknown}
 n - 2 scrolls of blinking {unknown}
 o - 3 scrolls of identify {unknown}
 r - a scroll of poison {unknown}
 t - 2 scrolls of enchant weapon {unknown}
Potions
 a - a potion of cancellation {unknown}
 e - 2 potions of lignification {unknown}
 f - 4 potions of might {unknown}
 h - 3 potions of resistance {unknown}
 j - 3 potions of curing {unknown}
 k - a potion of flight {unknown}
 p - 2 potions of haste {unknown}
 q - a potion of degeneration {unknown}
 s - a potion of mutation {unknown}
 u - a potion of invisibility


   Skills:
 * Level 3.8 Fighting
 - Level 2.3 Dodging
 - Level 1.3 Stealth
 + Level 5.7 Unarmed Combat
 * Level 3.2 Spellcasting
 - Level 3.2 Evocations


You had 12 spell levels left.
You didn't know any spells.
Your spell library contained the following spells:

 Spells                   Type           Power      Damage    Failure   Level
 Slow                     Hex            8%         N/A       19%         1
 Confusing Touch          Hex            2%         N/A       50%         3
 Dazzling Flash           Conj/Hex       4%         N/A       50%         3
 Tukima's Dance           Hex            2%         N/A       50%         3
 Vampiric Draining        Necr           2%         2d6       50%         3
 Passage of Golubria      Tloc           2%         N/A       88%         4
 Summon Mana Viper        Hex/Summ       2%         N/A       99%         5
 Yara's Violent Unravell  Hex/Tmut       1%         3d3       99%         5


Dungeon Overview and Level Annotations

Branches:
Dungeon (6/15)
 Temple: D:4-7

Altars:
Vehumet

Shops:
D:1 *

Annotations:
D:3 exclusion: black bear
D:5 exclusion: downstairs


Innate Abilities, Weirdness & Mutations

You cannot wear most types of armour.
You are amphibious.
You can wear up to eight rings at the same time.
Your skin changes colour to match your surroundings (Stealth+).
Your rubbery body absorbs attacks. (AC +1, EV +1)
((You are camouflaged when in or above water. (Stealth+)))
You have tentacles for arms and can constrict up to eight enemies at once.


Message History

The howler monkey hits you.
The howler monkey hoots and howls with incredible vigour!
You hear an angry growl.
The howler monkey closely misses you. x2
There is a stone staircase leading down, spattered with blood here.
You closely miss the howler monkey. Your grab misses the howler monkey.
You tentacle-slap the howler monkey.
The howler monkey is lightly wounded.
The howler monkey closely misses you.
You closely miss the howler monkey. You grab the howler monkey.
You squeeze the howler monkey.
The howler monkey is heavily wounded.
You constrict the howler monkey. The howler monkey closely misses you.
You tentacle-slap the howler monkey. You squeeze the howler monkey.
You kill the howler monkey!
You see here a howler monkey corpse.
HP restored.
You see here a howler monkey corpse.
There is a stone staircase leading down, spattered with blood here.
An ogre comes into view. It is wielding a +0 giant club.
(D) Dungeon
Where to? (Enter - D:6, ? - help)
Okay, then.
Unknown command.
The helpless ogre fails to defend itself.
You bludgeon the ogre!
The ogre is moderately wounded.
The ogre hits you with a +0 giant club!!
You bludgeon the ogre!
The ogre is severely wounded.
You barely miss the ogre. You squeeze the ogre.
The ogre is severely wounded.
The ogre barely misses you.
You tentacle-slap the ogre but do no damage.
The ogre is severely wounded.
You tentacle-slap the ogre.
The ogre is severely wounded.
The ogre hits you with a +0 giant club!!
Ouch! That really hurt!
You die...

.....#........#
#.#..
######........#
#.#.. #
##........#
#.... #
#.........#
###.. #
#.........# #..
# #.........#
### #
#.........# # #
#.........#####
# #
#...........@.#
# #
#.........###O#
# # #.........#
.# #
#####.........#
.# #
.[........#####
.# #####.#####
.# #####.# .#
....#.# ##
###.#.#


You could see an ogre.

Vanquished Creatures
  A water moccasin (D:6)
  An ice beast (D:5)
  An ogre (D:5)
  A phantom (D:5)
  A scorpion (D:5)
  A howler monkey (D:5)
  3 iguanas
  2 adders
  4 gnolls (D:4)
  3 worms
  4 dart slugs
  5 orcs
  8 ball pythons
  5 bats
  10 endoplasms
  2 giant cockroaches
  9 goblins
  5 hobgoblins
  4 quokkas
  3 frilled lizards
  7 kobolds
  A rat (D:3)
81 creatures vanquished.

Vanquished Creatures (others)
  9 plants (D:1)
9 creatures vanquished.

Grand Total: 90 creatures vanquished

Notes
Turn   | Place    | Note
-------+----------+-------------------------------------------
     0 | D:1      | H0rd4k the Octopode Artificer began the quest for the Orb.
     0 | D:1      | Reached XP level 1. HP: 13/13 MP: 1/1
    61 | D:1      | Found Puphol's Assorted Antiques.
   223 | D:1      | Reached XP level 2. HP: 15/18 MP: 1/3
   297 | D:1      | Reached skill level 1 in Spellcasting
   899 | D:1      | Found a faded altar of an unknown god.
  1363 | D:2      | Reached XP level 3. HP: 17/24 MP: 5/5
  1859 | D:2      | Reached skill level 1 in Unarmed Combat
  2882 | D:3      | Reached XP level 4. HP: 29/29 MP: 6/6
  3004 | D:3      | Noticed a black bear
  3285 | D:3      | Got the Dissertation on Malediction
  3298 | D:3      | Reached skill level 2 in Unarmed Combat
  3646 | D:3      | Reached XP level 5. HP: 6/35 MP: 8/8
  3984 | D:3      | Found a radiant altar of Vehumet.
  4244 | D:4      | Reached skill level 3 in Unarmed Combat
  4707 | D:5      | Entered Level 5 of the Dungeon
  4732 | D:5      | Noticed an ice beast
  4741 | D:5      | Killed an ice beast
  4742 | D:5      | Reached XP level 6. HP: 42/42 MP: 9/9
  4782 | D:5      | Reached skill level 4 in Unarmed Combat
  4863 | D:5      | Noticed a black bear
  5100 | D:5      | Reached XP level 7. HP: 34/46 MP: 11/11
  5405 | D:6      | Reached skill level 5 in Unarmed Combat
  5615 | D:5      | Slain by an ogre

Illustrated notes

Levels and vault maps discovered:
D:1:      roderic_crop_circles_arrival_small, layout_loops_ring, serial_shops,
          shop, ebering_ecumenical_altar_hall
D:2:      layout_loops_cross, minmay_tetromino_i2
D:3:      layout_loops_ring, lemuel_round_altar, hex_large
D:4:      layout_cave_pools, chequers_serial_rivers_micro_b
D:5:      layout_loops_ring
D:6:      layout_loops_ring, ebering_ghost_disaster_area, serial_bayou_pond_c,
          dk_vineyard_1, uniq_grinder

Skill      XL: |  1  2  3  4  5  6  7 |
---------------+----------------------+-----
Spellcasting   | 1 2 3 |  3.2
Fighting       | 2 3 |  3.8
Unarmed Combat | 1 2 3 4 5 |  5.7
Dodging        | |  2.3
Stealth        | |  1.3
Evocations     | |  3.2

Action                   |  1- 3 |  4- 6 |  7- 9 || total
-------------------------+-------+-------+-------++-------
Melee: Unarmed           |   110 |    91 |    17 ||   218
       Tentacles         |    32 |    17 |     8 ||    57
       Constrict         |    25 |    24 |     3 ||    52
       Punch             |       |     2 |     1 ||     3
Evoke: Wand              |       |    21 |     2 ||    23
  Use: Scroll            |       |       |     1 ||     1
 Stab: Sleeping          |     8 |     7 |     1 ||    16
       Distracted        |       |     1 |       ||     1
Armor: Skin              |     9 |     4 |       ||    13
Dodge: Dodged            |    57 |    48 |    15 ||   120
